 Dungeon Sprint DCSS version 0.28-a0-79-g444c7a33f5 (webtiles) character file.

Game seed: 5459335203190176891

556 Zeldest the Martial Artist (level 7, -15/37 HPs)
             Began as a Vine Stalker Transmuter on Aug 2, 2021.
             Was a Believer of Cheibriados.
             Killed from afar by a gargoyle (27 damage)
             ... with a stone arrow
             ... in the Dungeon (Sprint IX: "|||||||||||||||||||||||||||||").
             The game lasted 00:01:43 (140 turns).

Zeldest the Martial Artist (Vine Stalker Transmuter) Turns: 140, Time: 00:01:43

Health: -15/37     AC:  9    Str: 18    XL:     7   Next: 30%
Magic:  0/11       EV: 12    Int: 20    God:    Cheibriados [**....]
Gold:   0          SH:  0    Dex: 22    Spells: 7/10 levels left

rFire   . . .      SeeInvis .     - Unarmed
rCold   . . .      Faith    .   (no shield)
rNeg    . . .      Spirit   +   i - +1 scale mail
rPois   .          Reflect  .   (no helmet)
rElec   .          Harm     .   (no cloak)
rCorr   .          Rampage  .   (no gloves)
Will    .....      NoTele   +   h - +0 pair of boots
Stlth   ..........              (no amulet)
HPRegen 1.12/turn               j - +3 ring of intelligence
MPRegen 0.12/turn               k - +3 ring of dexterity

@: very slightly contaminated, invisible, very slow
A: fangs 2, regeneration 1, magic shield, antimagic bite, no potion heal 2
a: Renounce Religion, Bend Time


You were in the Dungeon.
You worshipped Cheibriados.
Cheibriados was pleased with you.
You visited 1 branch

Inventory:

Armour
 a - a +0 robe
 h - a +0 pair of boots (worn)
 i - a +1 scale mail (worn)
Jewellery
 j - a +3 ring of intelligence (left hand)
 k - a +3 ring of dexterity (right hand)
Wands
 g - a wand of iceblast (10)
Scrolls
 e - 2 scrolls of amnesia
 f - 2 scrolls of blinking
Potions
 b - 5 potions of curing
 d - 4 potions of magic


   Skills:
 + Level 3.9 Fighting
 + Level 3.4 Armour
 + Level 4.1 Dodging
 + Level 11.7 Unarmed Combat
 - Level 2.1 Spellcasting
 + Level 4.8 Transmutations
 + Level 4.1 Invocations


You had 7 spell levels left.
You knew the following spells:

 Your Spells              Type           Power      Damage    Failure   Level
a - Beastly Appendage     Tmut           42%        N/A       6%          1
b - Wereblood             Tmut           21%        N/A       10%         2

Your spell library contained the following spells:

 Spells                   Type           Power      Damage    Failure   Level
 Spider Form              Tmut/Pois      5%         N/A       47%         3
 Ice Form                 Ice/Tmut       11%        N/A       87%         4


Dungeon Overview and Level Annotations

Branches:
Dungeon (1/1)

Altars:
Cheibriados
Dithmenos
Elyvilon
Fedhas
Gozag
Hepliaklqana
Kikubaaqudgha
Makhleb
Nemelex Xobeh
Okawaru
Qazlal
Ru
Sif Muna
Trog
Uskayaw
Vehumet
Wu Jian
Xom
Yredelemnul
Zin
The Shining One
Beogh
Jiyva
Lugonu


Innate Abilities, Weirdness & Mutations

You have extremely sharp teeth.
Your natural rate of healing is unusually fast.
When hurt, damage is shared between your health and your magic reserves.
Your bite disrupts and absorbs the magic of your enemies.
Potions cannot restore your health.


Message History

You headbutt the gargoyle, but do no damage.
You punch the gargoyle, but do no damage.
The gargoyle is moderately damaged.
The gargoyle closely misses you. The gargoyle completely misses you.
Items here: ))) [[[[ ††.
You hit the gargoyle but do no damage. You claw the gargoyle.
You bite the gargoyle, but do no damage.
The gargoyle is heavily damaged.
The gargoyle hurls a stone arrow at you.
The stone arrow hits you!!
* * * LOW HITPOINT WARNING * * *
The gargoyle closely misses you.
You hit the gargoyle but do no damage.
You claw the gargoyle, but do no damage.
You bite the gargoyle, but do no damage.
The gargoyle is heavily damaged.
The gargoyle hits you with a +0 morningstar.
* * * LOW HITPOINT WARNING * * *
You strike the helpless gargoyle from behind!
You hit the gargoyle.
You claw the gargoyle, but do no damage.
You bite the gargoyle, but do no damage.
The gargoyle is heavily damaged.
The gargoyle hits you with a +0 morningstar.
* * * LOW HITPOINT WARNING * * *
You punch the gargoyle! Your kick misses the gargoyle.
You bite the gargoyle, but do no damage.
The gargoyle is almost destroyed.
You feel yourself speed up.
The gargoyle hurls a stone arrow at you.
The stone arrow misses you.
You hit the gargoyle but do no damage. Your kick misses the gargoyle.
You bite the gargoyle, but do no damage.
The gargoyle is almost destroyed.
Your horns disappear.
Your talons disappear.
Your +0 pair of boots unmelds from your body.
The gargoyle hurls a stone arrow at you.
The stone arrow hits you!!
Ouch! That really hurt!
You die... ▓▓▓▓▓▓▓▓▓▓▓▓▓▓▓▓▓▓▓▓▓▓ +...9@.)...[..).!'____ ▓▓▓▓▓▓▓▓▓▓▓▓▓▓▓▓▓▓▓▓▓▓

You could see a gargoyle.

Vanquished Creatures
  A wraith (D)
  An orc warrior (D)
  A necrophage (D)
  A centaur (D)
  A gnoll sergeant (D)
  A hound (D)
  A gnoll shaman (D)
  An orc wizard (D)
  An adder (D)
  A dart slug (D)
  2 endoplasms (D)
  2 hobgoblins (D)
  A jackal (D)
15 creatures vanquished.

Notes
Turn   | Place    | Note
-------+----------+-------------------------------------------
     0 | D        | Zeldest the Vine Stalker Transmuter began the quest for the
                  | Orb.
     0 | D        | Reached XP level 1. HP: 9/9 MP: 4/4
     8 | D        | Reached skill level 4 in Unarmed Combat
    18 | D        | Reached XP level 2. HP: 8/14 MP: 4/6
    25 | D        | Learned a level 2 spell: Wereblood
    30 | D        | Noticed a necrophage
    33 | D        | Killed a necrophage
    34 | D        | Reached skill level 9 in Unarmed Combat
    34 | D        | Reached XP level 3. HP: 11/17 MP: 3/7
    34 | D        | Gained mutation: Your natural rate of healing is unusually
                  | fast. [Vine Stalker growth]
    34 | D        | Reached XP level 4. HP: 14/21 MP: 3/8
    37 | D        | Reached skill level 10 in Unarmed Combat
    37 | D        | Reached XP level 5. HP: 21/25 MP: 9/9
    42 | D        | Reached skill level 11 in Unarmed Combat
    46 | D        | Found a snail-covered altar of Cheibriados.
    46 | D        | Found a shadowy altar of Dithmenos.
    46 | D        | Found a white marble altar of Elyvilon.
    46 | D        | Found a blossoming altar of Fedhas.
    46 | D        | Found an opulent altar of Gozag.
    47 | D        | Found a hazy altar of Hepliaklqana.
    48 | D        | Found a viscous altar of Jiyva.
    49 | D        | Found an ancient bone altar of Kikubaaqudgha.
    50 | D        | Became a worshipper of Cheibriados the Contemplative
    51 | D        | Found a corrupted altar of Lugonu.
    52 | D        | Found a burning altar of Makhleb.
    53 | D        | Found a sparkling altar of Nemelex Xobeh.
    54 | D        | Found an iron altar of Okawaru.
    55 | D        | Found a stormy altar of Qazlal.
    56 | D        | Found a sacrificial altar of Ru.
    57 | D        | Found a shimmering blue altar of Sif Muna.
    58 | D        | Found a bloodstained altar of Trog.
    59 | D        | Found a hide-covered altar of Uskayaw.
    60 | D        | Found a radiant altar of Vehumet.
    61 | D        | Found an ornate altar of the Wu Jian Council.
    62 | D        | Found a shimmering altar of Xom.
    63 | D        | Found a basalt altar of Yredelemnul.
    64 | D        | Found a glowing silver altar of Zin.
    65 | D        | Found a glowing golden altar of the Shining One.
   111 | D        | Noticed a gargoyle
   111 | D        | Noticed a wraith
   111 | D        | Noticed an orc warrior
   111 | D        | Noticed a centaur
   113 | D        | Killed a centaur
   114 | D        | Reached skill level 1 in Armour
   114 | D        | Reached skill level 1 in Invocations
   114 | D        | Reached XP level 6. HP: 25/30 MP: 2/10
   123 | D        | Killed an orc warrior
   123 | D        | Reached * piety under Cheibriados
   129 | D        | Killed a wraith
   130 | D        | Reached XP level 7. HP: 15/37 MP: 7/11
   132 | D        | Reached ** piety under Cheibriados
   140 | D        | Killed from afar by a gargoyle

Illustrated notes

Levels and vault maps discovered:
D:        linesprint [early_d, line_temple, items_1, d_10, items_2, lair_1,
          lair_end, items_3, orc_1, orc_end, items_4, d_15, swamp_1, shoals_1,
          snake_1, spider_1, d_20, vaults_1, items_5, swamp_end, shoals_end,
          snake_end, spider_end, vaults_end, d_27, items_6, zot_1, zot_end,
          crypt_end, forest_end, elf_end, slime_end, tomb_end, abyss_end,
          pan_hell_end]

Skill      XL: |  1  2  3  4  5  6 |
---------------+-------------------+-----
Unarmed Combat | 4 9 10 11 | 11.7
Fighting       | 2 3 |  3.9
Armour         | 1 3 |  3.4
Dodging        | 2 4 |  4.1
Invocations    | 1 4 |  4.1
Transmutations | 4 |  4.8
Spellcasting   | |  2.1

Action                   |  1- 3 |  4- 6 |  7- 9 || total
-------------------------+-------+-------+-------++-------
Melee: Unarmed           |    14 |    22 |    10 ||    46
       Bite              |     3 |     8 |     7 ||    18
       Kick              |     3 |     7 |     4 ||    14
       Punch             |     1 |     2 |     1 ||     4
       Headbutt          |       |     6 |     3 ||     9
 Cast: Beastly Appendage |     2 |     2 |       ||     4
       Wereblood         |     1 |     1 |       ||     2
  Use: Potion            |     2 |     1 |       ||     3
 Stab: Invisible         |       |     3 |     2 ||     5
Armor: Robe              |     2 |       |       ||     2
       Scale mail        |       |     1 |       ||     1
Dodge: Dodged            |     4 |     7 |     6 ||    17

Table legend: (Time is in decaauts)
 A = Elapsed time spent in this place.
 B = Non-inter-level travel time spent in this place.
 C = Inter-level travel time spent in this place.
 D = Time resting spent in this place.
 E = Time spent auto-exploring this place.
 F = Levels seen in this place.
 G = Mean time per level.
                   A        B        C        D        E       F      G
               +--------+--------+--------+--------+--------+-----+--------+
         Total |    147 |    147 |      0 |      0 |      0 |   1 |  147.0 |
       Dungeon |    147 |    147 |      0 |      0 |      0 |   1 |  147.0 |
               +--------+--------+--------+--------+--------+-----+--------+

Top non-repeatable levels by time:
       D: 147 daAuts
